EVO
WASHINGTON STATE UNIVERSITY COUGARS @ PENNSYLVANIA STATE UNIVERSITY NITTANY LIONS
08/27/2044
 
TOP OF THE 1ST
Washington State University Cougars batting - Pitching for Pennsylvania State University Nittany Lions : RHP Antonio Reyes
Pitching: RHP Antonio Reyes
Batting: RHB Melvin Durland 0-0: Swinging Strike
0-1: Foul Ball, location: 2F
0-2: Foul Ball, location: 2F
0-2: Ball
1-2: Ball
2-2: Ball
3-2: Ground out 6-3 (Groundball, 6, EV 80.0 MPH)
Batting: LHB Josh Aerni 0-0: Called Strike
0-1: Called Strike
0-2: Ball
1-2: TRIPLE (Flyball, 78XD, EV 104.4 MPH)
Batting: SHB Salvador Padilla 0-0: Swinging Strike
0-1: Ball
1-1: SINGLE (Groundball, 6S, EV 73.1 MPH) (infield hit)
Josh Aerni scores
Batting: SHB Steve DeRienzo 0-0: Ball
1-0: SINGLE (Groundball, 34S, EV 70.6 MPH) (infield hit)
Salvador Padilla to second
Batting: RHB Larry Martell 0-0: Called Strike
0-1: Ball
1-1: Ball
2-1: Ball
3-1: Fly out, F9 (Flyball, 9S, EV 86.9 MPH)
Batting: RHB Johnny Lowe 0-0: Foul Ball, location: 2F
0-1: Ball
1-1: Fly out, F7 (Line Drive, 7, EV 91.3 MPH)
Top of the 1st over - 1 run, 3 hits, 0 errors, 2 left on base; Washington State University 1 - Pennsylvania State University 0
BOTTOM OF THE 1ST
Pennsylvania State University Nittany Lions batting - Pitching for Washington State University Cougars : RHP Danny Clarke
Pitching: RHP Danny Clarke
Batting: RHB Julian Gregory 0-0: Ball
1-0: Swinging Strike
1-1: Swinging Strike
1-2: Strikes out swinging
Batting: RHB Coen Dirks 0-0: Ball
1-0: Ball
2-0: Swinging Strike
2-1: Ball
3-1: SINGLE (Line Drive, 78M, EV 103.8 MPH)
Batting: LHB Tyler Francis 0-0: Called Strike
Coen Dirks steals 2nd base
0-1: Fly out, F3 (Flyball, 3D, EV 83.1 MPH)
Batting: RHB Ben Burkholder 0-0: Called Strike
0-1: Ground out 5-3 (Groundball, 56S, EV 81.3 MPH)
Bottom of the 1st over - 0 runs, 1 hit, 0 errors, 1 left on base; Washington State University 1 - Pennsylvania State University 0
TOP OF THE 2ND
Washington State University Cougars batting - Pitching for Pennsylvania State University Nittany Lions : RHP Antonio Reyes
Batting: RHB Alex Koral 0-0: Called Strike
0-1: Ball
1-1: Fly out, F9 (Flyball, 9, EV 86.9 MPH)
Batting: RHB Vance Coen 0-0: Foul Ball, location: 2F
0-1: Ball
1-1: Swinging Strike
1-2: Ball
2-2: Ball
3-2: Foul Ball, location: 2F
3-2: Foul Ball, location: 2F
3-2: Strikes out swinging
Batting: RHB Elmar Adenauer 0-0: Called Strike
0-1: Called Strike
0-2: Foul Ball, location: 2F
0-2: Foul Ball, location: 2F
0-2: Ball
1-2: Foul Ball, location: 2F
1-2: Ball
2-2: Foul Ball, location: 2F
2-2: Ground out 5-3 (Groundball, 56S, EV 80.0 MPH)
Top of the 2nd over - 0 runs, 0 hits, 0 errors, 0 left on base; Washington State University 1 - Pennsylvania State University 0
BOTTOM OF THE 2ND
Pennsylvania State University Nittany Lions batting - Pitching for Washington State University Cougars : RHP Danny Clarke
Batting: RHB Brian Rogers 0-0: Ball
1-0: Called Strike
1-1: Called Strike
1-2: Ball
2-2: DOUBLE (Flyball, 78XD, EV 105.0 MPH)
Batting: RHB Tim Long 0-0: Called Strike
0-1: Foul Ball, location: 2F
0-2: Ground out 5-3 (Groundball, 56, EV 91.3 MPH)
Batting: RHB Dave Fredericks 0-0: Foul Ball, location: 2F
0-1: Ball
1-1: Foul Ball, location: 2F
1-2: Foul Ball, location: 2F
1-2: Foul Ball, location: 2F
1-2: Ball
2-2: Ground out 6-3 (Groundball, 6, EV 102.5 MPH)
Batting: RHB Ethan Finke 0-0: Fly out, F4 (Popup, 4M, EV 71.9 MPH)
Bottom of the 2nd over - 0 runs, 1 hit, 0 errors, 1 left on base; Washington State University 1 - Pennsylvania State University 0
TOP OF THE 3RD
Washington State University Cougars batting - Pitching for Pennsylvania State University Nittany Lions : RHP Antonio Reyes
Batting: RHB Melvin Durland 0-0: Swinging Strike
0-1: Ball
1-1: Foul Ball, location: 2F
1-2: Foul Ball, location: 2F
1-2: Ball
2-2: Strikes out looking
Batting: LHB Josh Aerni 0-0: Called Strike
0-1: Swinging Strike
0-2: Ground out 6-3 (Groundball, 56, EV 101.9 MPH)
Batting: SHB Salvador Padilla 0-0: Ball
1-0: Ground out U3 (Groundball, 34, EV 80.6 MPH)
Top of the 3rd over - 0 runs, 0 hits, 0 errors, 0 left on base; Washington State University 1 - Pennsylvania State University 0
BOTTOM OF THE 3RD
Pennsylvania State University Nittany Lions batting - Pitching for Washington State University Cougars : RHP Danny Clarke
Batting: RHB Roberto Torres 0-0: Foul Ball, location: 2F
0-1: Ball
1-1: Ground out 6-3 (Groundball, 6, EV 105.6 MPH)
Batting: RHB Julian Gregory 0-0: Called Strike
0-1: Swinging Strike
0-2: Ball
1-2: Strikes out swinging
Batting: RHB Coen Dirks 0-0: Ground out 6-3 (Groundball, 6, EV 81.9 MPH)
Bottom of the 3rd over - 0 runs, 0 hits, 0 errors, 0 left on base; Washington State University 1 - Pennsylvania State University 0
TOP OF THE 4TH
Washington State University Cougars batting - Pitching for Pennsylvania State University Nittany Lions : RHP Antonio Reyes
Batting: SHB Steve DeRienzo 0-0: Ball
1-0: Ball
2-0: Ball
3-0: Foul Ball, location: 2F
3-1: Base on Balls
Batting: RHB Larry Martell 0-0: Foul Ball, location: 2F
0-1: Grounds into double play, 4-6-3 (Groundball, 4, EV 106.3 MPH)
Batting: RHB Johnny Lowe 0-0: Ground out 5-3 (Groundball, 56S, EV 81.9 MPH)
Top of the 4th over - 0 runs, 0 hits, 0 errors, 0 left on base; Washington State University 1 - Pennsylvania State University 0
BOTTOM OF THE 4TH
Pennsylvania State University Nittany Lions batting - Pitching for Washington State University Cougars : RHP Danny Clarke
Batting: LHB Tyler Francis 0-0: Called Strike
0-1: Ball
1-1: Ball
2-1: Called Strike
2-2: SINGLE (Line Drive, 9S, EV 97.5 MPH)
Batting: RHB Ben Burkholder 0-0: Ball
1-0: Called Strike
1-1: Ball
2-1: Ball
3-1: Base on Balls
Tyler Francis to second
Batting: RHB Brian Rogers 0-0: Ball
1-0: Ball
2-0: Called Strike
2-1: SINGLE (Flyball, 89S, EV 87.5 MPH)
Tyler Francis to third
Ben Burkholder to second
Runner from 3rd tries for Home, SAFE, throw by RF to home
Batting: RHB Tim Long 0-0: Ball
1-0: Ball
2-0: SINGLE (Groundball, 6D, EV 96.9 MPH)
Ben Burkholder to third
Brian Rogers to second
Batting: RHB Dave Fredericks 0-0: Ball
1-0: Called Strike
1-1: Swinging Strike
1-2: Foul Ball, location: 2F
1-2: Grounds into double play, 6-4-3 (Groundball, 6, EV 86.9 MPH)
Ben Burkholder scores
Brian Rogers to third
Batting: RHB Ethan Finke 0-0: Ball
1-0: Called Strike
1-1: Ball
2-1: Ball
3-1: Base on Balls
Batting: RHB Roberto Torres 0-0: Ball
1-0: SINGLE (Line Drive, 7S, EV 104.4 MPH)
Brian Rogers scores
Ethan Finke to second
Batting: RHB Julian Gregory 0-0: Ball
1-0: Ball
2-0: Called Strike
2-1: SINGLE (Flyball, 7LS, EV 91.3 MPH)
Ethan Finke to third
Roberto Torres to second
Runner from 3rd tries for Home, throw by LF and OUT! 7-2
Bottom of the 4th over - 3 runs, 5 hits, 0 errors, 2 left on base; Washington State University 1 - Pennsylvania State University 3
TOP OF THE 5TH
Washington State University Cougars batting - Pitching for Pennsylvania State University Nittany Lions : RHP Antonio Reyes
Batting: RHB Alex Koral 0-0: Ground out 4-3 (Groundball, 4, EV 85.6 MPH)
Batting: RHB Vance Coen 0-0: Ball
1-0: Called Strike
1-1: Foul Ball, location: 2F
1-2: Foul Ball, location: 2F
1-2: Ball
2-2: SINGLE (Line Drive, 7LS, EV 113.1 MPH)
Batting: RHB Elmar Adenauer 0-0: Called Strike
0-1: Ball
1-1: Ball
2-1: Foul Ball, location: 2F
2-2: Foul Ball, location: 2F
2-2: 2-RUN HOME RUN (Flyball, 7D, EV 96.3 MPH), Distance : 375 ft
Batting: RHB Melvin Durland 0-0: Ball
1-0: Foul Ball, location: 2F
1-1: Fly out, F9 (Flyball, 9D, EV 95.6 MPH)
Pitching: RHP Jesus Castro
Batting: LHB Josh Aerni 0-0: Ball
1-0: Ball
2-0: Ground out 4-3 (Groundball, 4, EV 76.3 MPH)
Top of the 5th over - 2 runs, 2 hits, 0 errors, 0 left on base; Washington State University 3 - Pennsylvania State University 3
BOTTOM OF THE 5TH
Pennsylvania State University Nittany Lions batting - Pitching for Washington State University Cougars : RHP Danny Clarke
Batting: RHB Coen Dirks 0-0: Foul Ball, location: 2F
0-1: Called Strike
0-2: Strikes out looking
Batting: LHB Tyler Francis 0-0: Ball
1-0: Called Strike
1-1: Foul Ball, location: 2F
1-2: Foul Ball, location: 2F
1-2: Ball
2-2: Strikes out looking
Batting: RHB Ben Burkholder 0-0: Called Strike
0-1: Ball
1-1: Called Strike
1-2: Strikes out swinging
Bottom of the 5th over - 0 runs, 0 hits, 0 errors, 0 left on base; Washington State University 3 - Pennsylvania State University 3
TOP OF THE 6TH
Washington State University Cougars batting - Pitching for Pennsylvania State University Nittany Lions : RHP Jesus Castro
Batting: SHB Salvador Padilla 0-0: Fly out, F7 (Flyball, 78M, EV 90.0 MPH)
Batting: SHB Steve DeRienzo 0-0: Swinging Strike
0-1: Ball
1-1: Swinging Strike
1-2: Foul Ball, location: 2F
1-2: TRIPLE (Line Drive, 89XD, EV 105.6 MPH)
Batting: RHB Larry Martell 0-0: SINGLE (Line Drive, 34D, EV 100.6 MPH)
Steve DeRienzo scores
Batting: RHB Johnny Lowe 0-0: Foul Ball, location: 2F
0-1: Foul Ball, location: 2F
0-2: Ball
1-2: Foul Ball, location: 2F
1-2: Strikes out swinging
Batting: RHB Alex Koral 0-0: Ground out 6-3 (Groundball, 4M, EV 100.6 MPH)
Top of the 6th over - 1 run, 2 hits, 0 errors, 1 left on base; Washington State University 4 - Pennsylvania State University 3
BOTTOM OF THE 6TH
Pennsylvania State University Nittany Lions batting - Pitching for Washington State University Cougars : RHP Danny Clarke
Pitching: LHP Erick Lugo
Batting: RHB Brian Rogers 0-0: Ball
1-0: Ball
2-0: Ball
3-0: Base on Balls
Batting: RHB Tim Long 0-0: Called Strike
0-1: Ball
1-1: Foul Ball, location: 2F
1-2: DOUBLE (Line Drive, 89XD, EV 107.5 MPH)
Brian Rogers to third
Batting: RHB Dave Fredericks 0-0: Ball
1-0: Called Strike
1-1: Ball
Passed Ball!
Brian Rogers scores
Tim Long to third
2-1: Ball
3-1: Base on Balls
Batting: RHB Ethan Finke 0-0: Called Strike
0-1: Called Strike
0-2: Grounds into double play, 6-4-3 (Groundball, 6, EV 96.3 MPH)
Tim Long scores
Batting: RHB Roberto Torres 0-0: Foul Ball, location: 2F
0-1: Ground out U3 (Groundball, 3S, EV 60.6 MPH)
Bottom of the 6th over - 2 runs, 1 hit, 0 errors, 0 left on base; Washington State University 4 - Pennsylvania State University 5
TOP OF THE 7TH
Washington State University Cougars batting - Pitching for Pennsylvania State University Nittany Lions : RHP Jesus Castro
Pitching: RHP Nick Kempson
Batting: RHB Vance Coen 0-0: Ground out 4-3 (Groundball, 34, EV 85.6 MPH)
Pinch Hitting: RHB Gebre-Giorgios Wangondu 0-0: Called Strike
0-1: Foul Ball, location: 2F
0-2: Foul Ball, location: 2F
0-2: Foul Ball, location: 2F
0-2: Ball
1-2: Ball
2-2: Strikes out swinging
Batting: RHB Melvin Durland 0-0: Ball
1-0: Fly out, F3 (Popup, 3S, EV 66.9 MPH)
Top of the 7th over - 0 runs, 0 hits, 0 errors, 0 left on base; Washington State University 4 - Pennsylvania State University 5
BOTTOM OF THE 7TH
Pennsylvania State University Nittany Lions batting - Pitching for Washington State University Cougars : LHP Erick Lugo
Pitching: RHP Juan Luna
Now at 3B: Nick Deegan
Batting: RHB Julian Gregory 0-0: SINGLE (Line Drive, 9S, EV 95.6 MPH)
Batting: RHB Coen Dirks 0-0: Called Strike
Julian Gregory is caught stealing 2nd base 2-4
0-1: Swinging Strike
0-2: SINGLE (Groundball, 6M, EV 90.0 MPH) (infield hit)
Batting: LHB Tyler Francis 0-0: Ball
1-0: Ball
2-0: Ball
3-0: Foul Ball, location: 2F
3-1: Called Strike
3-2: Base on Balls
Coen Dirks to second
Batting: RHB Ben Burkholder 0-0: Called Strike
0-1: Called Strike
0-2: Hit by Pitch
Coen Dirks to third
Tyler Francis to second
Batting: RHB Brian Rogers 0-0: Ball
1-0: Foul Ball, location: 2F
1-1: Ball
2-1: Ball
3-1: Foul Ball, location: 2F
3-2: Grounds into fielders choice 1-2 (Groundball, P, EV 70.0 MPH)
Tyler Francis to third
Ben Burkholder to second
Batting: RHB Tim Long 0-0: Called Strike
0-1: Fly out, F9 (Flyball, 89M, EV 83.1 MPH)
Bottom of the 7th over - 0 runs, 2 hits, 0 errors, 3 left on base; Washington State University 4 - Pennsylvania State University 5
TOP OF THE 8TH
Washington State University Cougars batting - Pitching for Pennsylvania State University Nittany Lions : RHP Nick Kempson
Batting: LHB Josh Aerni 0-0: Swinging Strike
0-1: Foul Ball, location: 2F
0-2: Ball
1-2: Foul Ball, location: 2F
1-2: Foul Ball, location: 2F
1-2: Strikes out looking
Batting: SHB Salvador Padilla 0-0: Ball
1-0: Ball
2-0: Called Strike
2-1: Ground out 5-3 (Groundball, 5, EV 100.6 MPH)
Batting: SHB Steve DeRienzo 0-0: Called Strike
0-1: Foul Ball, location: 2F
0-2: Foul Ball, location: 2F
0-2: Foul Ball, location: 2F
0-2: SINGLE (Groundball, 56S, EV 83.8 MPH) (infield hit)
Batting: RHB Larry Martell 0-0: Called Strike
0-1: Ball
1-1: Foul Ball, location: 2F
1-2: Strikes out looking
Top of the 8th over - 0 runs, 1 hit, 0 errors, 1 left on base; Washington State University 4 - Pennsylvania State University 5
BOTTOM OF THE 8TH
Pennsylvania State University Nittany Lions batting - Pitching for Washington State University Cougars : RHP Juan Luna
Pitching: RHP J.J. Maetzold
Batting: RHB Dave Fredericks 0-0: Foul Ball, location: 2F
0-1: Ball
1-1: Ground out 6-3 (Groundball, 56, EV 86.9 MPH)
Batting: RHB Ethan Finke 0-0: Foul Ball, location: 2F
0-1: Ball
1-1: Ground out U3 (Groundball, 3S, EV 63.1 MPH)
Batting: RHB Roberto Torres 0-0: Swinging Strike
0-1: Called Strike
0-2: Ball
1-2: Ball
2-2: Foul Ball, location: 2F
2-2: Strikes out swinging
Bottom of the 8th over - 0 runs, 0 hits, 0 errors, 0 left on base; Washington State University 4 - Pennsylvania State University 5
TOP OF THE 9TH
Washington State University Cougars batting - Pitching for Pennsylvania State University Nittany Lions : RHP Nick Kempson
Pitching: LHP Nick Burnstein
Batting: RHB Johnny Lowe 0-0: Ball
1-0: Called Strike
1-1: Foul Ball, location: 2F
1-2: Strikes out looking
Batting: RHB Alex Koral 0-0: Foul Ball, location: 2F
0-1: Ball
1-1: Swinging Strike
1-2: Strikes out swinging
Batting: RHB Vance Coen 0-0: Fly out, F9 (Flyball, 89M, EV 90.0 MPH)
Top of the 9th over - 0 runs, 0 hits, 0 errors, 0 left on base; Washington State University 4 - Pennsylvania State University 5
Thursday, March 31st , 2022 - OOTP Baseball 22.12 Build 89